 Dungeon Crawl Stone Soup version 0.18.1-48-g4cf74bf (webtiles) character file.

551060 hannobal the Sorcerer (level 26, -2/183 HPs)
             Began as an Octopode Ice Elementalist on July 2, 2016.
             Was the Champion of Sif Muna.
             Slain by a death ooze (23 damage)
             ... created by the Royal Jelly
             ... on level 6 of the Pits of Slime on July 11, 2016.
             The game lasted 13:00:20 (124986 turns).

hannobal the Sorcerer (Octopode Ice Elementalist) Turns: 124986, Time: 13:00:21

Health: -2/183     AC:  2    Str: 14    XL:     26   Next: 87%
Magic:  15/43      EV: 30    Int: 27    God:    Sif Muna [******]
Gold:   488        SH: 16    Dex: 13    Spells: 15 memorised, 1 level left

rFire  + + +     SeeInvis .     b - +7 demon blade (elec)
rCold  + . .     Gourm    +     s - +3 shield {AC+3}
rNeg   . . .     Faith    .     j - +2 hat
rPois  +         Spirit   .     T - amulet of the gourmand
rElec  .         Dismiss  .     A - +3 ring of protection
rCorr  +         Reflect  .     I - +5 ring of slaying
SustAt .         Harm     .     x - ring "Var Ihyu" {rPois rF++ AC+4 Str+4 Dex-2}
MR     ++...                    K - ring of resist corrosion
Stlth  ++++++....               N - ring of protection from magic
                                q - ring of the Octopus King {rC+ AC+1 EV+1 Str+1 Int+1 Dex+1}
                                R - +5 ring of evasion
                                V - ring of Sunlight {rF+ EV+3}

@: about to teleport, corroded, very slightly contaminated, deflect missiles,
very resistant to hostile enchantments, very stealthy
A: almost no armour, amphibious, 8 rings, constrict 8, camouflage 1, low mp 1,
gelatinous body 1
a: Channel Energy, Forget Spell, Renounce Religion
}: 2/15 runes: serpentine, barnacled


You were on level 6 of the Pits of Slime.
You worshipped Sif Muna.
Sif Muna was exalted by your worship.
You were very full.

You visited 9 branches of the dungeon, and saw 49 of its levels.
You visited 1 ziggurat, and saw 5 of its levels.
You also visited: Labyrinth and Ice Cave.

You collected 4561 gold pieces.
You spent 4073 gold pieces at shops.

Inventory:

Hand Weapons
 b - a +7 demon blade of electrocution (weapon)
Armour
 j - a +2 hat (worn)
 s - a +3 shield of protection (worn)
Magical Staves
 a - an uncursed staff of conjuration
 e - an uncursed staff of energy
 w - an uncursed staff of air
Jewellery
 l - an uncursed ring of flight
 m - an uncursed ring of sustain attributes
 n - an uncursed ring of see invisible
 q - a ring of the Octopus King (on tentacle) {rC+ AC+1 EV+1 Str+1 Int+1 Dex+1}
   (You found it on level 6 of the Lair of Beasts)

   [ring of protection from cold]

   It affects your AC (+1).
   It affects your evasion (+1).
   It affects your strength (+1).
   It affects your intelligence (+1).
   It affects your dexterity (+1).
   It protects you from cold.
 x - the ring "Var Ihyu" (on tentacle) {rPois rF++ AC+4 Str+4 Dex-2}
   (You found it on level 2 of the Depths)

   [ring of protection]

   It affects your AC (+4).
   It affects your strength (+4).
   It affects your dexterity (-2).
   It greatly protects you from fire.
   It protects you from poison.
 A - a +3 ring of protection (left tentacle)
 B - an uncursed ring of positive energy
 I - a +5 ring of slaying (right tentacle)
 K - a ring of resist corrosion (on tentacle)
 N - a ring of protection from magic (on tentacle)
 R - a +5 ring of evasion (on tentacle)
 T - an amulet of the gourmand (around mantle)
 V - the ring of Sunlight (on tentacle) {rF+ EV+3}
   (You took it off an orc warrior on level 3 of the Vaults)

   [ring of evasion]

   It affects your evasion (+3).
   It protects you from fire.
Wands
 h - a wand of heal wounds (6/9)
 p - a wand of teleportation (3/9)
 D - a wand of hasting (2/9)
 F - a wand of digging (18/24)
 J - a wand of disintegration (11/24)
Scrolls
 c - 3 scrolls of silence
 d - 12 scrolls of teleportation
 f - a scroll of immolation
 i - 21 scrolls of identify
 k - 3 scrolls of fog
 r - 30 scrolls of remove curse
 y - 10 scrolls of fear
 z - 8 scrolls of recharging
 O - 9 scrolls of magic mapping
 U - 5 scrolls of blinking
Potions
 o - 19 potions of curing
 t - 7 potions of heal wounds
 u - 2 potions of haste
 v - 2 potions of magic
 C - 10 potions of might
 E - 8 potions of invisibility
 P - a potion of cancellation
 W - 6 potions of brilliance
 X - a potion of resistance
 Y - 6 potions of agility
Miscellaneous
 G - a fan of gales
 H - a lamp of fire
 M - a phial of floods
Comestibles
 g - 14 meat rations
 Z - a bread ration


   Skills:
 - Level 16.0 Fighting
   Level 4.1(10.2) Short Blades
 - Level 14.0(14.2) Long Blades
 - Level 4.0 Staves
 - Level 1.4 Throwing
 + Level 16.1 Dodging
 - Level 10.0 Stealth
 - Level 15.0 Shields
 - Level 21.0 Spellcasting
 - Level 15.0 Conjurations
 - Level 10.0 Charms
   Level 6.0 Summonings
 - Level 4.0 Necromancy
 - Level 6.0 Translocations
   Level 3.1 Transmutations
 - Level 6.1 Fire Magic
 - Level 11.0 Ice Magic
 - Level 8.0 Air Magic
 - Level 8.0 Earth Magic
   Level 3.0 Poison Magic
 - Level 4.1 Invocations
 - Level 5.2 Evocations


You had one spell level left.
You knew the following spells:

 Your Spells              Type           Power        Failure   Level  Hunger
a - Apportation           Tloc           ######....   1%          1    None
c - Conjure Flame         Conj/Fire      ######..     1%          3    None
e - Regeneration          Chrm/Necr      ######....   1%          3    None
f - Sticky Flame          Conj/Fire      ######..     1%          4    None
g - Passage of Golubria   Tloc           N/A          1%          4    None
h - Haste                 Chrm           ######..     4%          6    None
i - Airstrike             Air            ######....   1%          4    None
k - Bolt of Cold          Conj/Ice       #######...   1%          6    None
o - Ozocubu's Armour      Chrm/Ice       ######..     1%          3    None
p - Freezing Cloud        Conj/Ice/Air   ######....   1%          6    None
r - Deflect Missiles      Chrm/Air       ######....   8%          6    None
t - Orb of Destruction    Conj           #######...   2%          7    ####...
w - Blink                 Tloc           N/A          1%          2    None
y - Iskenderun's Battles  Conj/Chrm      #######.     1%          5    None
z - Iron Shot             Conj/Erth      ######....   1%          6    None


Dungeon Overview and Level Annotations

Branches:
Dungeon (15/15)            Temple (1/1) D:4            Lair (8/8) D:8
 Shoals (4/4) Lair:4        Snake (4/4) Lair:6        Slime (6/6) Lair:6
    Orc (2/2) D:12            Elf (0/3) Orc:2        Vaults (4/5) D:14
  Crypt (0/3) Vaults:3     Depths (5/5) D:15            Zot (0/5) Depths:5

Altars:
Ashenzari
Cheibriados
Dithmenos
Elyvilon
Fedhas
Gozag
Kikubaaqudgha
Makhleb
Okawaru
Pakellas
Qazlal
Ru
Sif Muna
Trog
Vehumet
Xom
Yredelemnul
The Shining One
Beogh
Jiyva

Shops:
D:8 %   D:10 *   Orc:2 ?!=%   Shoals:2 (   Shoals:3 (   Snake:2 *   Vaults:2 =
Vaults:4 :   Depths:2 =

Portals:
Hell: Depths:1 Depths:2 Depths:4 Depths:5
Abyss: Depths:4 Depths:5
Pandemonium: Depths:3
Trove: D:11 (give 3 potions of cure mutation)

Annotations:
Snake:1 1 exclusion
Snake:3 exclusion: downstairs
Slime:3 exclusions: downstairs, upstairs and 1 more exclusion
Slime:6 exclusion: 2 upstairs
Orc:2 exclusion: upstairs
Vaults:4 exclusion: 3 downstairs
Depths:2 exclusion: downstairs
Depths:4 exclusion: downstairs


Innate Abilities, Weirdness & Mutations

You cannot wear most types of armour.
You are amphibious.
You can wear up to eight rings at the same time.
You can use your tentacles to constrict eight enemies at once.
Your skin changes colour to match your surroundings (Stealth).
Your rubbery body absorbs attacks (AC +1).
Your magical capacity is low (-10% MP).


Message History

Press: ? - help, Dir - move target cursor The azure jelly quivers.
The death ooze quivers.
You enter the passage of Golubria.
The walls burn you! You resist. You block the azure jelly's attack.
The azure jelly completely misses you. x2
You block the azure jelly's attack.
The azure jelly quivers.
There is a passage of Golubria here.
This passage doesn't lead anywhere!
Read which item? (? for menu, Esc to quit)
As you read the scroll of teleportation, it crumbles to dust.
You feel strangely unstable. The walls burn you! You resist.
The azure jelly quivers.
The acid blob jiggles.
The acid blob hits you!!!
* * * LOW HITPOINT WARNING * * *
You are splashed with acid!
The acid burns!
You resist.
* * * LOW HITPOINT WARNING * * *
The death ooze hits you!
* * * LOW HITPOINT WARNING * * *
The death ooze hits you!!
You die...

,,,,*#........J........,,**
,,,,###.................,,*
,,,*#...................,**
,,*##...................,*
,*##....................,*
*##...............J.....**
##.............J........*
..............JJ........**
...............J@..##..,,*
................####*##,,*
..............#.# *,**
..........G..#### *,*
..........ยง..## *,*
..............#* ***
...............#
...............#*
................#


You could see an acid blob, 3 azure jellies, a great orb of eyes and a death
ooze.

Vanquished Creatures
  the Royal Jelly (Slime:6)
  2 juggernauts
  Sojobo (Depths:1)
  Margery (Depths:3)
  5 golden dragons
  13 caustic shrikes
  Nikola (Snake:3)
  An iron giant (Depths:3)
  4 liches
  Jorgrun (Vaults:3)
  6 tentacled monstrosities
  Rupert (Lair:7)
  A titan (Depths:2)
  A quicksilver dragon (Depths:3)
  The ghost of juanjsm the Thaumaturge, an adept GrEE of Vehumet (Snake:2)
  8 acid blobs
  A storm dragon (Depths:3)
  3 tengu reavers
  A draconian monk (Depths:5)
  An azure jelly (Slime:6)
  4 shadow dragons
  Frances (Snake:2)
  10 greater nagas
  8 frost giants
  2 deep elf sorcerers
  2 balrugs
  15 fire giants
  An iron dragon (Depths:4)
  A caustic shrike zombie (Depths:4)
  9 vault wardens
  Aizul (Shoals:3)
  An orc warlord (Vaults:3)
  The ghost of Wotyn the Bludgeoner, a journeyman MiFi of Trog (Orc:2)
  2 draconian zealots (Depths:5)
  2 spriggan defenders
  A curse skull (Vaults:3)
  11 ironheart preservers
  2 draconian callers (Depths:5)
  2 ghouls
  4 vampire knights
  7 very ugly things
  2 war gargoyles
  The ghost of TBriggs11TB the Spear-Bearer, a journeyman MiBe of Trog (Orc:1)
  23 stone giants
  Azrael (Depths:4)
  3 salamander stormcallers (Depths:3)
  2 red draconians (Depths:5)
  A yellow draconian (Depths:5)
  A white draconian (Depths:5)
  3 deep elf demonologists
  8 ettins
  A minotaur (Lab)
  A crystal guardian (Vaults:3)
  13 vault guards
  3 deep elf death magi
  3 death oozes
  2 deep elf high priests
  A blizzard demon (Depths:3)
  13 merfolk impalers
  7 merfolk javelineers
  10 fire dragons
  14 yaktaur captains
  6 great orbs of eyes
  2 rakshasas
  4 entropy weavers
  9 spriggan air magi
  7 ice dragons
  7 hydras
  A quicksilver dragon skeleton (Depths:1)
  4 merfolk avatars
  A spectral sphinx (Depths:4)
  27 naga warriors
  16 ogre magi
  11 anacondas
  A catoblepas (Lair:6)
  5 death knights
  An anaconda (shapeshifter) (Depths:2)
  12 death yaks
  6 merfolk aquamancers
  A dancing weapon (Zig:3)
  18 centaur warriors
  11 deep troll earth magi
  23 tengu warriors
  A queen ant (Lair:8)
  4 satyrs
  10 deep troll shamans
  2 alligator snapping turtles
  A shock serpent (shapeshifter) (Depths:1)
  8 deep elf knights
  4 orc high priests (Orc:2)
  3 vampire magi
  10 shock serpents
  17 naga sharpshooters
  4 soul eaters
  11 spriggan berserkers
  4 spriggans
  A shadow wraith (Depths:4)
  2 fire crabs
  3 iron trolls
  5 hell knights (Depths:3)
  6 sun demons
  76 slime creatures
  2 salamander mystics
  19 skeletal warriors
  A golden dragon zombie (Depths:3)
  29 deep trolls
  2 unseen horrors
  5 flayed ghosts
  10 naga ritualists
  2 storm dragon skeletons
  8 sea snakes
  5 deep elf archers
  A tengu zombie (Vaults:2)
  15 ironbrand convokers
  2 phantasmal warriors
  4 wolf spider zombies
  14 mana vipers
  25 harpies
  13 hill giants
  12 necromancers
  2 lindwurms (Lair:8)
  5 giant orange brains
  An anubis guard (Zig:1)
  2 harpies (shapeshifter)
  2 wizards
  15 deep elf magi
  A tengu skeleton (Vaults:4)
  2 fire giant zombies (Depths:4)
  11 cyclopes
  19 griffons
  15 orc knights
  An orc sorcerer (Orc:2)
  5 shining eyes
  11 salamanders
  4 wolf spiders
  2 hornets
  36 ugly things
  A cyclops (shapeshifter) (Depths:3)
  10 manticores
  A stone giant zombie (Vaults:3)
  12 elephants
  A sphinx skeleton (Vaults:3)
  24 fauns
  An iron dragon skeleton (Depths:1)
  17 vault sentinels
  2 water nymphs (Shoals:2)
  2 stone giant skeletons
  57 black mambas
  7 sirens
  7 guardian serpents
  8 rust devils
  A black mamba (shapeshifter) (Depths:3)
  An eye of devastation (Slime:2)
  38 naga magi
  2 spriggan zombies
  9 torpor snails
  3 ice statues
  13 spiny frogs
  A yaktaur zombie (Vaults:3)
  2 rime drakes
  51 yaktaurs
  15 freezing wraiths
  11 komodo dragons
  11 kobold demonologists
  3 efreet
  2 anaconda simulacra (IceCv)
  3 red devils (Depths:3)
  A wolf spider simulacrum (IceCv)
  2 ice devils (Depths:3)
  A yaktaur skeleton (Vaults:3)
  12 trolls
  A guardian mummy (D:15)
  10 tengu conjurers
  33 merfolk
  4 wind drakes
  3 polar bears
  4 giant leeches (Lair:8)
  A blink frog (shapeshifter) (Vaults:1)
  A raiju (shapeshifter) (Vaults:4)
  30 two-headed ogres
  A frost giant simulacrum (Depths:3)
  A harpy skeleton (D:13)
  31 blink frogs
  5 boulder beetles
  A hornet zombie (D:14)
  14 snapping turtles
  7 flying skulls
  A stone giant simulacrum (Vaults:3)
  5 shadows
  7 redbacks
  16 air elementals
  A redback (shapeshifter) (Depths:4)
  6 wyverns
  45 yaks
  A vampire (Depths:4)
  An ettin skeleton (Vaults:3)
  An elf zombie (Depths:4)
  26 hippogriffs
  6 fire bats (D:9)
  12 wraiths
  11 basilisks
  A hog (D:9)
  28 water elementals
  7 fire elementals
  A human (D:9)
  A chaos spawn (Zig:2)
  5 hungry ghosts
  19 vampire mosquitoes
  3 steam dragons (Lair:8)
  4 mottled dragons
  A warg (shapeshifter) (D:15)
  An iron troll simulacrum (IceCv)
  8 wargs
  56 nagas
  8 soldier ants (Lair:8)
  A swamp worm (shapeshifter) (Vaults:1)
  3 hell hounds (Depths:3)
  A water moccasin (shapeshifter) (Vaults:1)
  2 giant eyeballs
  12 porcupines
  3 hydra simulacra (IceCv)
  A swamp drake (Lair:8)
  16 water moccasins
  37 orc warriors
  7 ice beasts
  5 black bears
  7 wasps
  2 phantoms
  4 sky beasts
  A black bear (shapeshifter) (Vaults:4)
  2 necrophages
  8 eyes of draining
  60 ogres
  8 boggarts
  34 wolves
  29 centaurs
  An elf skeleton (Vaults:4)
  31 crocodiles
  9 big kobolds
  28 giant frogs
  A gnoll sergeant (Orc:1)
  2 human skeletons
  A wyvern skeleton (D:13)
  7 scorpions
  6 killer bees
  5 wights
  3 howler monkeys (D:7)
  2 electric eels
  2 draconian simulacra (IceCv)
  7 crimson imps
  5 centaur zombies
  2 giant frog zombies
  2 human simulacra
  A jelly (shapeshifter) (Depths:4)
  48 orc priests
  8 hounds
  A hound (shapeshifter) (Depths:1)
  15 jellies
  2 giant frog skeletons
  7 centaur skeletons
  8 iguanas
  23 orc wizards
  32 worker ants
  2 spriggan simulacra (IceCv)
  A troll simulacrum (IceCv)
  A killer bee zombie (D:7)
  2 wolf simulacra (IceCv)
  35 sheep
  A centaur simulacrum (IceCv)
  A hound zombie (D:8)
  3 hound skeletons
  4 mummies
  A worker ant zombie (D:11)
  A howler monkey skeleton (D:8)
  14 adders
  12 gnolls
  31 river rats
  5 shadow imps
  5 white imps
  An ufetubus (IceCv)
  An adder skeleton (D:5)
  22 worms
  3 giant geckos
  120 orcs
  2 ball pythons
  47 bats
  4 giant cockroaches
  8 goblins
  3 hobgoblins
  21 jackals
  8 quokkas
  A giant gecko zombie (D:5)
  7 giant newts
  A jackal skeleton (D:7)
  35 kobolds
  A quokka skeleton (D:7)
  10 rats
  A fire vortex (Depths:3)
  4 plants
  A withered plant (D:15)
2585 creatures vanquished.

Vanquished Creatures (collateral kills)
  Gastronok (Lair:2)
  Ilsuiw (Shoals:4)
  Snorg (D:10)
  Josephine (D:14)
  A merfolk aquamancer (Shoals:3)
  A death yak (Lair:5)
  A catoblepas (Lair:5)
  A tengu warrior (D:13)
  2 orc high priests
  Nergalle (Lair:2)
  A flayed ghost (D:9)
  A hill giant (D:10)
  5 harpies (Shoals:1)
  5 fauns
  2 cyclopes
  2 griffons
  An ugly thing (D:11)
  A manticore (Shoals:3)
  An orc sorcerer (Orc:1)
  A siren (Shoals:2)
  A salamander (Snake:4)
  3 elephants
  2 water nymphs (Shoals:3)
  A black mamba (Lair:7)
  2 spiny frogs (Lair:1)
  A gargoyle (D:10)
  A rime drake (Lair:3)
  A wind drake (Shoals:2)
  A merfolk (Shoals:3)
  7 blink frogs
  A snapping turtle (Shoals:1)
  4 wraiths
  6 water elementals
  3 fire bats (D:9)
  4 hungry ghosts
  14 yaks
  A steam dragon (D:11)
  3 vampire mosquitoes (D:14)
  An orc warrior (D:11)
  2 ice beasts (D:6)
  A wasp (Lair:8)
  An ogre (D:10)
  9 wolves
  2 crocodiles
  A big kobold (D:8)
  Blork the orc (D:6)
  A giant frog (D:11)
  3 killer bees (D:7)
  A wight (D:8)
  An electric eel (D:11)
  An orc wizard (Orc:2)
  7 orc priests
  An iguana (Lair:3)
  2 worker ants
  11 sheep
  20 river rats
  An adder (Lair:6)
  A worm (Lair:7)
  A giant gecko (D:10)
  19 orcs
  15 bats (D:9)
  A kobold (D:8)
  A rat (D:8)
  2 plants
194 creatures vanquished.

Vanquished Creatures (others)
  A tengu reaver (Depths:1)
  A stone giant (Vaults:4)
  A merfolk javelineer (Shoals:4)
  3 naga sharpshooters (Snake:4)
  A deep troll (Depths:3)
  A faun (Shoals:2)
  2 cyclopes
  5 yaktaurs
  A golden dragon simulacrum (Depths:3)
  2 tengu simulacra (Depths:3)
  A polar bear (shapeshifter) (Vaults:2)
  A merfolk (Shoals:4)
  A fire giant simulacrum (Depths:3)
  A shadow (Depths:3)
  A giant eyeball (Depths:3)
  A human skeleton (Depths:3)
  A spriggan simulacrum (Depths:3)
  2 centaurs
  An ogre (Vaults:2)
  A glowing shapeshifter simulacrum (Depths:3)
  2 bushes (D:15)
  26 fungi
  64 plants
  4 withered plants (D:15)
125 creatures vanquished.

Grand Total: 2904 creatures vanquished

Notes
Turn   | Place    | Note
--------------------------------------------------------------
     0 | D:1      | hannobal the Octopode Ice Elementalist began the quest for the Orb.
     0 | D:1      | Reached XP level 1. HP: 11/11 MP: 3/3
   340 | D:1      | Reached XP level 2. HP: 17/17 MP: 0/5
   347 | D:1      | Learned a level 2 spell: Throw Frost
  1236 | D:2      | Reached XP level 3. HP: 21/21 MP: 4/6
  1243 | D:1      | Learned a level 3 spell: Ozocubu's Armour
  1803 | D:2      | Reached skill level 1 in Charms
  2075 | D:2      | Reached XP level 4. HP: 27/27 MP: 4/7
  2489 | D:2      | Found a deep blue altar of Sif Muna.
  2501 | D:2      | Became a worshipper of Sif Muna the Loreminder
  2706 | D:3      | Found a shattered altar of Ashenzari.
  2821 | D:3      | Reached skill level 5 in Ice Magic
  2990 | D:3      | Found a bloodstained altar of Trog.
  3313 | D:3      | Found an iron altar of Okawaru.
  3362 | D:3      | Reached XP level 5. HP: 31/31 MP: 1/8
  3491 | D:3      | Found a glowing golden altar of the Shining One.
  3737 | D:4      | Noticed a phantom
  3866 | D:4      | Found a basalt altar of Yredelemnul.
  4024 | D:4      | Found a radiant altar of Vehumet.
  4168 | D:4      | Reached * piety under Sif Muna
  4168 | D:4      | Reached XP level 6. HP: 33/36 MP: 6/9
  4230 | D:4      | Found a staircase to the Ecumenical Temple.
  4311 | D:4      | Reached skill level 1 in Invocations
  4784 | D:4      | Reached skill level 3 in Spellcasting
  4790 | D:4      | Learned a level 4 spell: Summon Ice Beast
  5523 | D:4      | Killed a phantom
  5523 | D:4      | Reached XP level 7. HP: 41/41 MP: 7/11
  5528 | D:5      | Entered Level 5 of the Dungeon
  5573 | D:5      | Found a blossoming altar of Fedhas.
  5689 | D:5      | Reached skill level 1 in Summonings
  6740 | D:5      | Reached XP level 8. HP: 46/46 MP: 6/12
  6830 | D:5      | Reached ** piety under Sif Muna
  7136 | D:5      | Reached skill level 5 in Summonings
  7484 | D:6      | Reached skill level 1 in Fighting
  7624 | D:6      | Reached skill level 1 in Short Blades
  7746 | D:6      | Noticed Blork the orc
  7904 | D:6      | Killed Blork the orc
  8519 | D:6      | Found a snail-covered altar of Cheibriados.
  8520 | D:6      | Found an opulent altar of Gozag.
  8671 | D:6      | Reached skill level 4 in Spellcasting
  8680 | D:6      | Learned a level 4 spell: Throw Icicle
  9393 | D:7      | Reached *** piety under Sif Muna
  9393 | D:7      | Reached skill level 5 in Spellcasting
  9393 | D:7      | Reached XP level 9. HP: 50/54 MP: 6/16
 10114 | D:7      | Found an oddly glowing altar of Pakellas.
 10171 | D:7      | Reached skill level 5 in Conjurations
 10474 | D:8      | Found Fin Ollo's Food Shoppe.
 10612 | D:8      | Found a shimmering altar of Xom.
 10685 | D:8      | Reached skill level 5 in Stealth
 10729 | D:8      | Found a staircase to the Lair.
 10952 | D:8      | Reached **** piety under Sif Muna
 10959 | D:8      | Learned a level 5 spell: Fireball
 11097 | D:8      | Reached skill level 1 in Fire Magic
 11779 | D:8      | Reached XP level 10. HP: 45/60 MP: 5/17
 11950 | D:8      | Reached skill level 1 in Shields
 12864 | D:8      | Found a sacrificial altar of Ru.
 12945 | Lair:1   | Entered Level 1 of the Lair of Beasts
 13147 | D:9      | Noticed a kobold demonologist
 13569 | Lair:1   | Noticed a spiny frog
 13590 | Lair:1   | Killed a spiny frog
 13590 | Lair:1   | Reached skill level 5 in Dodging
 14385 | D:9      | Found a white marble altar of Elyvilon.
 14508 | D:9      | Found a runed door.
 14672 | D:9      | Found an opulent altar of Gozag.
 14696 | D:9      | Reached skill level 6 in Spellcasting
 14754 | D:9      | Reached ***** piety under Sif Muna
 15392 | D:9      | Found a burning altar of Makhleb.
 15522 | D:9      | Reached skill level 7 in Spellcasting
 15522 | D:9      | Reached XP level 11. HP: 47/64 MP: 13/21
 15528 | D:9      | Learned a level 4 spell: Ice Form
 15556 | D:9      | Reached skill level 1 in Transmutations
 15998 | D:9      | Found an opulent altar of Gozag.
 16005 | D:9      | Found a shimmering altar of Xom.
 16037 | D:9      | Found a shadowy altar of Dithmenos.
 16062 | D:9      | Found an opulent altar of Gozag.
 16269 | D:9      | Found a burning altar of Makhleb.
 16298 | D:9      | Noticed a flayed ghost
 16311 | D:9      | Killed a flayed ghost
 16654 | D:10     | Entered Level 10 of the Dungeon
 16723 | D:9      | Noticed a soul eater
 17125 | Lair:1   | Got an ichor-stained war axe
 17126 | Lair:1   | Identified the cursed +3 war axe of Watoeh {drain, -Tele rElec Str+2} (You found it on level 1 of the Lair of Beasts)
 18236 | D:10     | Reached skill level 8 in Spellcasting
 18404 | D:10     | Noticed Snorg
 18414 | D:10     | Killed Snorg
 18578 | D:10     | Found Fuoneis's General Store.
 18578 | D:10     | Noticed a hill giant
 18666 | D:10     | Noticed a hill giant
 18671 | D:10     | Killed a hill giant
 18671 | D:10     | Reached ****** piety under Sif Muna
 18791 | D:10     | Received a gift from Sif Muna
 18799 | D:10     | Learned a level 4 spell: Sticky Flame
 18801 | D:10     | Noticed a hill giant
 18808 | D:10     | Reached skill level 9 in Spellcasting
 18823 | D:10     | Killed a hill giant
 19019 | D:10     | Learned a level 3 spell: Conjure Flame
 19211 | D:10     | Killed a hill giant
 19316 | D:10     | Bought a potion of curing for 39 gold pieces
 19316 | D:10     | Bought a potion of heal wounds for 65 gold pieces
 19593 | D:10     | Reached skill level 10 in Spellcasting
 19878 | D:11     | Noticed a cyan ugly thing
 20236 | D:11     | Killed a cyan ugly thing
 20236 | D:11     | Reached XP level 12. HP: 72/72 MP: 19/26
 20736 | D:11     | Found a portal to a secret trove of treasure.
 21128 | D:11     | Got a crude rapier
 21129 | D:11     | Identified the +7 rapier of Sesysa {drain, rPois Str+3} (You found it on level 11 of the Dungeon)
 21316 | Temple   | Entered the Ecumenical Temple
 21822 | Lair:2   | Reached skill level 11 in Spellcasting
 22648 | Lair:2   | Noticed Nergalle
 22856 | D:12     | Found a staircase to the Orcish Mines.
 22976 | D:12     | Reached skill level 5 in Fighting
 23836 | D:12     | Found a roughly hewn altar of Beogh.
 26529 | Lair:3   | Reached XP level 13. HP: 78/83 MP: 27/28
 26850 | Lair:2   | Noticed Gastronok
 26873 | Lair:2   | Killed Gastronok
 26873 | Lair:2   | Reached skill level 10 in Dodging
 27397 | D:10     | Received a gift from Sif Muna
 27411 | D:10     | Learned a level 2 spell: Blink
 27416 | D:10     | Learned a level 4 spell: Passage of Golubria
 28055 | D:9      | Reached skill level 1 in Translocations
 28542 | D:12     | Identified a scroll of acquirement
 29006 | Temple   | Learned a level 1 spell: Apportation
 29696 | D:13     | Reached skill level 5 in Translocations
 30194 | D:13     | Found a shimmering altar of Xom.
 30194 | D:13     | Found a shimmering altar of Xom.
 30194 | D:13     | Found a shimmering altar of Xom.
 30198 | D:13     | Found a shimmering altar of Xom.
 30198 | D:13     | Found a shimmering altar of Xom.
 30200 | D:13     | Found a shimmering altar of Xom.
 30200 | D:13     | Found a shimmering altar of Xom.
 30452 | D:13     | Reached skill level 5 in Fire Magic
 31443 | D:13     | Noticed an ice dragon
 31459 | D:13     | Noticed an entropy weaver
 31679 | D:13     | Received a gift from Sif Muna
 31680 | D:13     | Identified Sif Muna's Tome of Stolen Souls and Confrontation (Sif Muna gifted it to you on level 13 of the Dungeon)
 32707 | D:14     | Reached XP level 14. HP: 87/90 MP: 29/29
 33791 | D:14     | Noticed Josephine
 33832 | D:14     | Killed Josephine
 33960 | D:14     | Reached skill level 10 in Conjurations
 35920 | Lair:2   | Killed Nergalle
 36445 | Lair:3   | Reached skill level 1 in Long Blades
 36617 | Lair:3   | Learned a level 3 spell: Mephitic Cloud
 36649 | Lair:3   | Reached skill level 1 in Air Magic
 36788 | Lair:4   | Reached skill level 1 in Poison Magic
 37334 | Lair:4   | Found a bloodstained altar of Trog.
 37767 | Lair:4   | Found a staircase to the Shoals.
 40214 | Lair:6   | Reached skill level 5 in Long Blades
 40445 | Lair:6   | Found a staircase to the Slime Pits.
 40446 | Lair:6   | Found a viscous altar of Jiyva.
 42082 | Lair:6   | Found a staircase to the Snake Pit.
 42108 | Lair:6   | Identified Gups's Easy Spellweaving
 42268 | Lair:6   | Got a ring of the Octopus King
 42269 | Lair:6   | Identified a ring of the Octopus King {rC+ AC+1 EV+1 Str+1 Int+1 Dex+1} (You found it on level 6 of the Lair of Beasts)
 42447 | Lair:6   | Reached XP level 15. HP: 81/97 MP: 28/30
 42819 | Lair:7   | Got a fine quarterstaff
 42820 | Lair:7   | Identified the +7 quarterstaff "Gelel" {crush, rElec Str+4 Int+3} (You found it on level 7 of the Lair of Beasts)
 45031 | Lair:8   | Entered Level 8 of the Lair of Beasts
 45502 | Lair:8   | Noticed Rupert
 47095 | Orc:1    | Entered Level 1 of the Orcish Mines
 47414 | Orc:2    | Entered Level 2 of the Orcish Mines
 49037 | Orc:2    | Reached skill level 10 in Fighting
 49354 | Orc:2    | Found a roughly hewn altar of Beogh.
 49362 | Orc:2    | Found Ofiruff's Magic Scroll Boutique.
 49362 | Orc:2    | Found Bifi Ruc's Distillery.
 49367 | Orc:2    | Bought a scroll of enchant weapon for 97 gold pieces
 49367 | Orc:2    | Bought a scroll of teleportation for 39 gold pieces
 49367 | Orc:2    | Bought a scroll of blinking for 97 gold pieces
 49368 | Orc:2    | Bought a scroll of enchant armour for 97 gold pieces
 49378 | Orc:2    | Bought a potion of mutation for 30 gold pieces
 49382 | Orc:2    | Bought a potion of curing for 36 gold pieces
 49399 | Orc:2    | Found a staircase to the Elven Halls.
 49760 | Orc:2    | Noticed Wotyn's ghost (journeyman MiFi)
 50414 | D:14     | Found a gate to the Vaults.
 50688 | D:15     | Entered Level 15 of the Dungeon
 50783 | D:15     | Found a labyrinth entrance.
 50799 | Lab      | Entered a labyrinth
 51295 | Lab      | Got a slimy flail
 51313 | Lab      | Identified the +1 flail of Beogh's Approval {elec, rElec rPois Str-4} (You found it in a labyrinth)
 51620 | D:15     | Found a staircase to the Depths.
 51620 | D:15     | Noticed a fire giant
 52167 | D:15     | Reached XP level 16. HP: 90/109 MP: 31/31
 52553 | D:15     | Reached skill level 10 in Long Blades
 53119 | D:15     | Received a gift from Sif Muna
 53127 | D:15     | Reached skill level 12 in Spellcasting
 54915 | D:15     | Reached skill level 10 in Stealth
 55115 | D:15     | Found a bloodstained altar of Trog.
 56318 | Depths:1 | Entered Level 1 of the Depths
 56696 | Lair:3   | Learned a level 6 spell: Bolt of Cold
 56730 | Shoals:1 | Entered Level 1 of the Shoals
 57426 | Shoals:1 | Reached skill level 13 in Spellcasting
 59471 | Shoals:1 | Reached XP level 17. HP: 98/115 MP: 27/34
 59840 | Shoals:2 | Found Sunyla's Antique Weapon Emporium.
 59848 | Shoals:2 | Bought a bloodstained falchion for 256 gold pieces
 59848 | Shoals:2 | Identified the +1 falchion of Niraeqovi {antimagic, *Corrode *Drain rElec Dex+8} (You bought it in a shop on level 2 of the Shoals)
 59858 | Shoals:2 | Received a gift from Sif Muna
 59859 | Shoals:2 | Identified Sif Muna's Volume of Feathery Aid (Sif Muna gifted it to you on level 2 of the Shoals)
 60622 | Shoals:2 | Reached skill level 10 in Ice Magic
 62714 | Shoals:2 | Bought an ebony war axe for 272 gold pieces
 62714 | Shoals:2 | Bought a slimy mace for 256 gold pieces
 62714 | Shoals:2 | Identified the +7 war axe of Severance {chop, *Contam MR+ Int+3} (You bought it in a shop on level 2 of the Shoals)
 62722 | Shoals:2 | Identified the +7 mace "Poefumpi" {crush, rF+} (You bought it in a shop on level 2 of the Shoals)
 62789 | Shoals:3 | Found a frozen archway.
 62798 | IceCv    | Entered an ice cave
 63745 | IceCv    | Noticed simples's ghost (journeyman FeCK)
 64431 | Shoals:3 | HP: 1/115 [merfolk/trident (13)]
 65602 | Shoals:3 | Received a gift from Sif Muna
 65925 | Shoals:3 | Found Fizycrist's Weapon Emporium.
 65975 | Shoals:3 | Noticed Aizul
 65995 | Shoals:3 | Killed Aizul
 66975 | Lair:3   | Learned a level 6 spell: Freezing Cloud
 67278 | Lair:7   | Killed Rupert
 67783 | Lair:8   | Reached skill level 14 in Spellcasting
 69004 | Lair:8   | Reached skill level 5 in Air Magic
 69307 | Lair:8   | Reached XP level 18. HP: 122/122 MP: 36/36
 70184 | Lair:8   | Found a runed door.
 72621 | Orc:1    | Noticed TBriggs11TB's ghost (journeyman MiBe)
 72643 | Orc:1    | Killed TBriggs11TB's ghost
 72909 | Orc:2    | Killed Wotyn's ghost
 74037 | Orc:2    | Found Diwieny's Jewellery Boutique.
 74037 | Orc:2    | Found Sixesk's Food Emporium.
 74072 | Orc:2    | Bought an uncursed ring of protection from magic for 375 gold pieces
 74072 | Orc:2    | Bought a +5 ring of evasion for 825 gold pieces
 74567 | Snake:1  | Entered Level 1 of the Snake Pit
 74573 | Snake:1  | Reached skill level 1 in Staves
 74904 | Snake:1  | Found a shadowy altar of Dithmenos.
 76752 | Snake:2  | Reached skill level 1 in Evocations
 76891 | Snake:2  | Found Muzytzat's General Store.
 77041 | Snake:2  | Bought a slice of pizza for 30 gold pieces
 77156 | Snake:2  | Noticed juanjsm's ghost (adept GrEE)
 77171 | Snake:2  | Killed juanjsm's ghost
 77171 | Snake:2  | Reached skill level 5 in Evocations
 77647 | Snake:2  | Noticed Frances
 77658 | Snake:2  | Killed Frances
 77805 | Snake:2  | Reached XP level 19. HP: 51/128 MP: 7/37
 80115 | D:8      | Bought a meat ration for 55 gold pieces
 80115 | D:8      | Bought a meat ration for 55 gold pieces
 80115 | D:8      | Bought a bread ration for 55 gold pieces
 80115 | D:8      | Bought a bread ration for 55 gold pieces
 81746 | Snake:3  | Noticed Nikola
 81752 | Snake:3  | Killed Nikola
 81897 | Snake:4  | Entered Level 4 of the Snake Pit
 81959 | Snake:4  | Received a gift from Sif Muna
 83638 | Snake:4  | Reached skill level 15 in Spellcasting
 84678 | Snake:4  | Reached XP level 20. HP: 76/137 MP: 28/39
 85342 | Snake:4  | Received a gift from Sif Muna
 85343 | Snake:4  | Identified Sif Muna's Reference Book on Destructive Feathers (Sif Muna gifted it to you on level 4 of the Snake Pit)
 85558 | Lair:3   | Learned a level 5 spell: Iskenderun's Battlesphere
 85988 | Snake:4  | Identified Sif Muna's Handbook of Moulding and Unholy Rituals (Sif Muna gifted it to you on level 4 of the Snake Pit)
 86731 | Snake:4  | Reached skill level 16 in Spellcasting
 87822 | Snake:4  | Reached skill level 1 in Throwing
 88165 | Snake:4  | Got a serpentine rune of Zot
 88560 | Lair:3   | Learned a level 5 spell: Bolt of Magma
 88568 | Lair:3   | Learned a level 6 spell: Deflect Missiles
 88657 | Shoals:4 | Entered Level 4 of the Shoals
 88741 | Shoals:2 | Reached skill level 1 in Earth Magic
 89497 | Shoals:4 | Learned a level 6 spell: Iron Shot
 89727 | Shoals:4 | Reached skill level 17 in Spellcasting
 89820 | Shoals:4 | Got an ichor-stained hand axe
 89821 | Shoals:4 | Identified the +8 hand axe "Okepn" {holy, Dex+4 SInv Stlth+} (You found it on level 4 of the Shoals)
 89896 | Shoals:4 | Learned a level 4 spell: Iskenderun's Mystic Blast
 89899 | Shoals:4 | Learned a level 2 spell: Repel Missiles
 89953 | Shoals:4 | Noticed Ilsuiw
 90009 | Shoals:4 | Received a gift from Sif Muna
 90016 | Shoals:4 | Killed Ilsuiw
 90811 | Shoals:4 | Reached skill level 5 in Earth Magic
 91097 | Shoals:4 | Got a barnacled rune of Zot
 91114 | Shoals:4 | Got a crystal triple sword
 91115 | Shoals:4 | Identified the cursed +0 triple sword "Ulantip" {flame, Fragile +Rage rC- SInv} (You found it on level 4 of the Shoals)
 91460 | Lair:3   | Learned a level 3 spell: Regeneration
 91637 | Vaults:1 | Entered Level 1 of the Vaults
 91921 | Vaults:1 | Reached skill level 1 in Necromancy
 92108 | Vaults:1 | Reached XP level 21. HP: 88/143 MP: 10/42
 92487 | Orc:2    | Bought an uncursed ring of protection from fire for 375 gold pieces
 92791 | Vaults:1 | Reached skill level 5 in Charms
 92889 | Vaults:1 | Received a gift from Sif Muna
 94596 | Vaults:2 | Found Efoshaf's Jewellery Emporium.
 94609 | Vaults:2 | Received a gift from Sif Muna
 94610 | Vaults:2 | Identified Sif Muna's Catalogue of Supportive Confrontation (Sif Muna gifted it to you on level 2 of the Vaults)
 94971 | Vaults:2 | Reached skill level 18 in Spellcasting
 95070 | Vaults:2 | Got a coiled tin ring
 95071 | Vaults:2 | Identified the ring "Jaffagacs" {rN+ Str+2 Stlth-} (You took it off an ogre mage on level 2 of the Vaults)
 95891 | Vaults:2 | Found a blossoming altar of Fedhas.
 96477 | Lair:3   | Learned a level 4 spell: Airstrike
 96765 | Vaults:3 | Found a staircase to the Crypt.
 97011 | Vaults:3 | Noticed Jorgrun
 97034 | Vaults:3 | Killed Jorgrun
 97109 | Vaults:2 | Reached XP level 22. HP: 137/152 MP: 11/44
 98116 | Vaults:3 | Reached skill level 19 in Spellcasting
 98206 | Vaults:3 | Received a gift from Sif Muna
 98207 | Vaults:3 | Identified Sif Muna's Handbook of the Hurtful Birds (Sif Muna gifted it to you on level 3 of the Vaults)
 98369 | Vaults:3 | Found a roughly hewn altar of Beogh.
 98702 | Vaults:3 | Got a pitted glass ring
 98704 | Vaults:3 | Identified the ring of Sunlight {rF+ EV+3} (You took it off an orc warrior on level 3 of the Vaults)
100471 | Vaults:4 | Reached skill level 20 in Spellcasting
100951 | Vaults:4 | Found Dashasy's Book Emporium.
101070 | Vaults:4 | Learned a level 7 spell: Orb of Destruction
101553 | Vaults:2 | Bought an uncursed amulet of magic regeneration for 510 gold pieces
101949 | Vaults:4 | Received a gift from Sif Muna
102561 | Depths:1 | Reached XP level 23. HP: 146/157 MP: 38/47
103353 | Depths:1 | Noticed Sojobo
103369 | Depths:1 | Killed Sojobo
103560 | Depths:1 | Found a gateway to Hell.
104580 | Depths:2 | Learned a level 6 spell: Haste
104694 | Depths:2 | Noticed a juggernaut
104919 | Depths:2 | Killed a juggernaut
105050 | Depths:2 | Got a scorched steel ring
105051 | Depths:2 | Identified the ring "Var Ihyu" {rPois rF++ AC+4 Str+4 Dex-2} (You found it on level 2 of the Depths)
105228 | Depths:2 | Found Qiotz's Jewellery Emporium.
106198 | Depths:2 | Received a gift from Sif Muna
106199 | Depths:2 | Identified Raofis's Catalogue of Damage Dealing and the Birds (Sif Muna gifted it to you on level 2 of the Depths)
106258 | Depths:2 | Found a gateway to a ziggurat.
106337 | Zig:1    | Entered Level 1 of a ziggurat
106381 | Zig:2    | Entered Level 2 of a ziggurat
106446 | Zig:3    | Entered Level 3 of a ziggurat
106508 | Zig:3    | Identified Sif Muna's Tome of Illusion and Hexes
106514 | Zig:4    | Entered Level 4 of a ziggurat
106614 | Zig:5    | Entered Level 5 of a ziggurat
106616 | Zig:5    | Gained mutation: You are frail (-10% HP). [a shining eye]
106622 | Zig:5    | Gained mutation: Your spells are a little easier to cast, but a little less powerful. [a shining eye]
106727 | Zig:5    | Identified a -1 rod of clouds (14/14) (You found it on level 5 of a ziggurat)
106968 | Depths:2 | Reached skill level 10 in Charms
107268 | Depths:2 | Noticed a caustic shrike
107275 | Depths:2 | Killed a caustic shrike
107299 | Depths:2 | Noticed a golden dragon
107564 | Depths:2 | Killed a golden dragon
107899 | Depths:2 | Reached XP level 24. HP: 149/149 MP: 42/47
109134 | Depths:2 | Received a gift from Sif Muna
109135 | Depths:2 | Identified Pumuacah's Papyrus of the Dislocated Volcanoes (Sif Muna gifted it to you on level 2 of the Depths)
109428 | Depths:3 | Noticed a caustic shrike
109448 | Depths:3 | Noticed a caustic shrike
109451 | Depths:3 | Killed a caustic shrike
109456 | Depths:3 | Noticed a caustic shrike
109605 | Depths:3 | Noticed a caustic shrike
109609 | Depths:3 | Noticed a caustic shrike
109609 | Depths:3 | Noticed a caustic shrike
109609 | Depths:3 | Noticed a caustic shrike
109610 | Depths:3 | Noticed a caustic shrike
109612 | Depths:2 | Killed a caustic shrike
110178 | Depths:3 | Found a deep blue altar of Sif Muna.
110293 | Depths:3 | Killed a caustic shrike
110293 | Depths:3 | Reached skill level 21 in Spellcasting
110546 | Depths:3 | Lost mutation: You are frail (-10% HP). [potion of cure mutation]
110546 | Depths:3 | Lost mutation: Your spells are a little easier to cast, but a little less powerful. [potion of cure mutation]
110677 | Depths:3 | Noticed Margery
111008 | Depths:3 | Found a shattered altar of Ashenzari.
111119 | Depths:3 | Noticed a caustic shrike
111209 | Depths:3 | Found a glowing golden altar of the Shining One.
111751 | Depths:3 | Noticed a caustic shrike
111755 | Depths:3 | Noticed a caustic shrike
111755 | Depths:3 | Noticed a caustic shrike
111763 | Depths:3 | Killed a caustic shrike
111768 | Depths:3 | Killed a caustic shrike
111768 | Depths:3 | Reached skill level 5 in Shields
112015 | Depths:3 | Killed a caustic shrike
112031 | Depths:3 | Killed a caustic shrike
112031 | Depths:3 | Reached skill level 15 in Fighting
112244 | Depths:3 | Killed a caustic shrike
112573 | Depths:3 | Found a shadowy altar of Dithmenos.
112615 | Depths:3 | Killed a caustic shrike
112615 | Depths:3 | Reached XP level 25. HP: 174/174 MP: 20/48
112850 | Depths:3 | Killed Margery
113267 | Depths:3 | Reached skill level 10 in Shields
114277 | Depths:3 | Found a one-way gate leading to the halls of Pandemonium.
114728 | Lair:3   | Learned a level 6 spell: Deflect Missiles
117556 | Depths:4 | Found a one-way gate to the infinite horrors of the Abyss.
117950 | Depths:4 | Identified Kikubaaqudgha's Collected Works on Dark Magic
118208 | Depths:4 | Noticed Azrael
118217 | Depths:4 | Killed Azrael
118536 | Depths:5 | Entered Level 5 of the Depths
118590 | Depths:5 | Reached XP level 26. HP: 180/180 MP: 26/48
118591 | Depths:5 | Reached skill level 15 in Shields
119032 | Depths:5 | Reached skill level 15 in Dodging
119497 | Depths:5 | Received a gift from Sif Muna
119552 | Depths:5 | Found a gate to the Realm of Zot.
119849 | Depths:5 | Reached skill level 15 in Conjurations
121097 | Depths:5 | Noticed a juggernaut
121108 | Depths:5 | Killed a juggernaut
123021 | Orc:2    | Bought an uncursed ring of sustain attributes for 262 gold pieces
123062 | Orc:2    | Bought a potion of might for 48 gold pieces
123062 | Orc:2    | Bought a potion of magic for 96 gold pieces
123062 | Orc:2    | Bought a potion of might for 48 gold pieces
123315 | Slime:1  | Entered Level 1 of the Pits of Slime
123756 | Slime:2  | Gained mutation: Your magical capacity is low (-10% MP). [a shining eye]
124646 | Slime:6  | Entered Level 6 of the Pits of Slime
124897 | Slime:6  | Noticed the Royal Jelly
124949 | Slime:6  | Killed the Royal Jelly
124986 | Slime:6  | Slain by a death ooze

Skill      XL: |  1  2  3  4  5  6  7  8  9 10 11 12 13 14 15 16 17 18 19 20 21 22 23 24 25 26 |
---------------+-------------------------------------------------------------------------------+-----
Stealth        | 3 5 10 | 10.0
Ice Magic      | 4 5 6 7 8 11 | 11.0
Charms         | 1 3 4 5 10 | 10.0
Invocations    | 4 |  4.1
Spellcasting   | 3 5 7 10 11 13 14 15 17 18 20 21 | 21.0
Summonings     | 4 6 |  6.0
Fighting       | 2 3 6 7 10 11 12 13 14 15 16 | 16.0
Short Blades   | 2 3 4 |  4.1
Conjurations   | 6 9 10 11 12 13 14 15 | 15.0
Fire Magic     | 2 3 5 6 |  6.1
Shields        | 4 7 14 15 | 15.0
Dodging        | 6 9 10 12 13 14 16 | 16.1
Transmutations | 3 |  3.1
Translocations | 5 6 |  6.0
Long Blades    | 7 9 10 13 14 | 14.0
Air Magic      | 3 5 6 7 8 |  8.0
Poison Magic   | 3 |  3.0
Staves         | 2 4 |  4.0
Evocations     | 5 |  5.2
Throwing       | 1 |  1.4
Earth Magic    | 7 8 |  8.0
Necromancy     | 2 3 4 |  4.0

Action                   |  1- 3 |  4- 6 |  7- 9 | 10-12 | 13-15 | 16-18 | 19-21 | 22-24 | 25-27 || total
-------------------------+-------+-------+-------+-------+-------+-------+-------+-------+-------++-------
Melee: Hand axe          |     1 |       |       |       |       |       |       |       |       ||     1
       Dagger            |     9 |    36 |    55 |    86 |    10 |       |       |       |       ||   196
       Constrict         |     2 |     5 |    10 |    13 |    10 |    46 |    58 |    58 |    28 ||   230
       Tentacles         |     1 |     5 |     8 |    15 |    11 |    47 |    85 |    97 |    91 ||   360
       Staff             |       |       |       |     2 |     5 |    23 |     5 |    29 |     3 ||    67
       Rapier            |       |       |       |     7 |    19 |       |       |       |       ||    26
       Demon blade       |       |       |       |       |    40 |   309 |   487 |   384 |   408 ||  1628
Throw: Stone             |     8 |    17 |     7 |     4 |    36 |    49 |    60 |     3 |       ||   184
       Tomahawk          |       |       |     8 |    22 |     5 |       |       |       |       ||    35
 Cast: Freeze            |    49 |   127 |   215 |   352 |   328 |    57 |     1 |       |       ||  1129
       Throw Frost       |     2 |       |     2 |       |       |       |       |       |       ||     4
       Ozocubu's Armour  |     1 |     6 |    36 |    88 |   191 |   189 |   150 |   153 |    82 ||   896
       Summon Ice Beast  |       |       |    22 |   108 |   147 |   124 |     7 |       |       ||   408
       Throw Icicle      |       |       |     5 |   108 |   458 |   510 |   218 |       |       ||  1299
       Sticky Flame      |       |       |       |    48 |   291 |   257 |   229 |    95 |    55 ||   975
       Conjure Flame     |       |       |       |    25 |    52 |   102 |    71 |    55 |    10 ||   315
       Fireball          |       |       |       |     6 |    14 |    31 |     1 |       |       ||    52
       Blink             |       |       |       |       |     1 |     7 |     2 |     2 |     3 ||    15
       Ice Form          |       |       |       |       |     1 |       |       |       |       ||     1
       Mephitic Cloud    |       |       |       |       |    24 |     8 |       |       |       ||    32
       Bolt of Cold      |       |       |       |       |       |    74 |    68 |   109 |    34 ||   285
       Freezing Cloud    |       |       |       |       |       |    24 |   118 |   232 |   140 ||   514
       Iskenderun's Myst |       |       |       |       |       |       |    64 |       |       ||    64
       Bolt of Magma     |       |       |       |       |       |       |    13 |       |       ||    13
       Iskenderun's Batt |       |       |       |       |       |       |    30 |    86 |    47 ||   163
       Repel Missiles    |       |       |       |       |       |       |     6 |     4 |       ||    10
       Apportation       |       |       |       |       |       |       |     4 |     1 |     3 ||     8
       Deflect Missiles  |       |       |       |       |       |       |     2 |       |     4 ||     6
       Regeneration      |       |       |       |       |       |       |    26 |   107 |    36 ||   169
       Iron Shot         |       |       |       |       |       |       |    11 |    59 |    65 ||   135
       Airstrike         |       |       |       |       |       |       |     9 |   164 |    50 ||   223
       Passage of Golubr |       |       |       |       |       |       |     3 |     8 |     2 ||    13
       Orb of Destructio |       |       |       |       |       |       |       |    32 |    46 ||    78
       Haste             |       |       |       |       |       |       |       |    14 |    12 ||    26
Invok: Channel Energy    |       |       |    12 |    22 |    33 |    53 |   395 |   375 |   264 ||  1154
       Forget Spell      |       |       |       |       |       |     1 |     4 |     1 |     1 ||     7
 Abil: Evoke Flight      |       |       |       |       |       |       |     1 |       |     2 ||     3
Evoke: Wand              |       |       |       |     5 |     4 |     7 |     1 |     3 |     4 ||    24
       Lamp of fire      |       |       |       |       |       |       |     1 |       |       ||     1
  Use: Scroll            |     7 |     3 |     5 |    11 |    22 |    13 |    12 |     9 |    11 ||    93
       Potion            |     2 |     5 |     2 |     1 |     3 |     1 |       |     2 |     4 ||    20
 Stab: Sleeping          |       |       |     1 |     2 |     4 |     2 |     2 |     1 |     1 ||    13
       Distracted        |       |       |       |       |       |     3 |     2 |       |       ||     5
       Confused          |       |       |       |       |       |     1 |       |       |       ||     1
  Eat: Chunk             |     5 |    11 |    14 |    36 |    52 |    69 |   107 |   106 |    85 ||   485
       Beef jerky        |       |     1 |     1 |     1 |     2 |       |       |       |       ||     5
       Fruit             |       |       |     6 |       |     5 |       |     7 |     4 |       ||    22
       Pizza             |       |       |     1 |     1 |    11 |     1 |     1 |     1 |     1 ||    17
       Bread ration      |       |       |     2 |     6 |     2 |     3 |     2 |     2 |     2 ||    19
       Meat ration       |       |       |       |       |     1 |     5 |     4 |     2 |       ||    12
       Royal jelly       |       |       |       |       |       |       |     1 |       |       ||     1
Armor: Skin              |    15 |    57 |    90 |   110 |   176 |   156 |    89 |   107 |    78 ||   878
Dodge: Dodged            |    33 |    92 |   137 |   325 |   635 |   676 |   690 |   641 |   364 ||  3593
       Deflected         |       |       |       |       |       |       |    40 |    45 |    31 ||   116
Block: Buckler           |       |       |       |   191 |   352 |   494 |   507 |   205 |     9 ||  1758
       Reflection        |       |       |       |       |       |    53 |   135 |    24 |       ||   212
       Shield            |       |       |       |       |       |       |       |       |   281 ||   281
